 Dungeon Crawl Stone Soup version 0.31.0-32-g396128a36d (webtiles) character file.

Game seed: 4764869671775560696

217 unlimited1921 the Magician (level 6, -2/41 HPs)
             Began as a Djinni Fire Elementalist on Apr 8, 2024.
             Slain by a gnoll
             ... wielding a +0 whip
              (7 damage)
             ... on level 3 of the Dungeon.
             The game lasted 00:08:22 (6291 turns).

unlimited1921 the Magician (DjFE)                   Turns: 6291, Time: 00:08:23

Health: -2/41      AC:  6    Str:  7    XL:     6   Next: 16%
Gold:   97         EV: 12    Int: 18    God:
                   SH:  0    Dex: 14

rFire   + + .        k - +1 dagger (speed)
rCold   x . .        (no shield)
rNeg    . . .        d - +0 leather armour
rPois   ∞            u - +1 helmet
rElec   .            (no cloak)
rCorr   .            b - +0 pair of gloves
SInv    .            (boots unavailable)
Will    .....        (no amulet)
Stlth   ++           (no ring)
HPRegen 0.26/turn    (no ring)
MPRegen 0.00/turn

%: infuse magic (-3 HP)
@: flying, very slightly contaminated
A: sickness immunity, fire resistance 2, cold vulnerability 1, float, innate
caster, HP casting, extra vitality 1
a: no special abilities


You were on level 3 of the Dungeon.
You visited 1 branch of the dungeon, and saw 3 of its levels.

You collected 97 gold pieces.

Inventory:

Hand Weapons
 k - a +1 dagger of speed (weapon)
Missiles
 j - 12 poisoned darts
 t - 2 boomerangs
Armour
 a - a +0 robe
 b - a +0 pair of gloves (worn)
 c - a +0 scale mail
 d - a +0 leather armour (worn)
 s - a +0 chain mail
 u - a +1 helmet (worn)
Wands
 n - a wand of mindburst (12)
Scrolls
 e - a scroll of enchant weapon {unknown}
 g - a scroll of immolation {unknown}
 h - a scroll of teleportation {unknown}
 i - a scroll of fog {unknown}
 l - a scroll of blinking {unknown}
 r - a scroll of revelation {unknown}
Potions
 f - 2 potions of curing {unknown}
 m - a potion of attraction {unknown}
 o - a potion of haste {unknown}
 p - 2 potions of brilliance {unknown}
 q - a potion of magic {unknown}
 v - a potion of resistance {unknown}
 w - 2 potions of cancellation {unknown}


   Skills:
 + Level 0.3 Fighting
 + Level 3.2 Armour
 + Level 3.2 Dodging
 + Level 2.8 Stealth
 + Level 3.7 Spellcasting
 + Level 3.7 Conjurations
 + Level 3.7 Hexes
 + Level 3.7 Summonings
 + Level 3.7 Necromancy
 + Level 3.7 Translocations
 + Level 3.7 Fire Magic
 + Level 3.7 Ice Magic
 + Level 3.7 Air Magic
 + Level 3.7 Earth Magic
 + Level 3.7 Alchemy


You knew the following spells:

 Your Spells              Type           Power      Damage    Failure   Level
a - Foxfire               Conj/Fire      64%        2x1d7     4%          1
b - Scorch                Fire           32%        2d6       8%          2
c - Volatile Blastmotes   Fire/Tloc      32%        2d12      14%         3
d - Inner Flame           Hex/Fire       16%        N/A       14%         3
e - Flame Wave            Conj/Fire      16%        2d7       43%         4
f - Kiss of Death         Conj/Necr      64%        2d10      4%          1
g - Searing Ray           Conj           32%        2d5       8%          2
Your spell library was empty.

Dungeon Overview and Level Annotations

Branches:
Dungeon (3/15)

Altars:
Yredelemnul
Zin

Annotations:
D:3 1 runed translucent door, flammie80's ghost, weakling FoMo


Innate Abilities, Weirdness & Mutations

You are immune to sickness and miasma.
You are immune to poison.
Your flesh is very heat resistant. (rF++)
You are vulnerable to cold. (rC-)
You float through the air rather than walking.
You learn spells naturally, not from books.
Your magical power is your life essence.
You have superior vitality. (+4 MHP)


Message History

Flames lash the gnoll.
The gnoll is heavily wounded.
The gnoll's fire resistance burns away.
The gnoll hits you from afar with a +0 halberd!
Casting: Scorch (safe; 8% risk of failure)
Confirm with . or Enter, or press ? or * to list all spells.
Flames lash the gnoll.
The gnoll is burned terribly!
The gnoll is almost dead.
The gnoll closely misses you.
Casting: Scorch (safe; 8% risk of failure)
Confirm with . or Enter, or press ? or * to list all spells.
Flames lash the gnoll.
The gnoll is severely wounded.
The gnoll's fire resistance burns away.
The gnoll hits you from afar with a +0 halberd!
* * * LOW HITPOINT WARNING * * *
Casting: Scorch (safe; 8% risk of failure)
Confirm with . or Enter, or press ? or * to list all spells.
Flames lash the gnoll.
The gnoll is burned terribly!
You kill the gnoll!
* * * LOW HITPOINT WARNING * * *
The gnoll barely misses you.
Casting: Scorch (safe; 8% risk of failure)
Confirm with . or Enter, or press ? or * to list all spells.
You miscast Scorch.
You are very lightly contaminated with residual magic.
Nothing appears to happen.
* * * LOW HITPOINT WARNING * * *
The gnoll barely misses you.
Casting: Scorch (safe; 8% risk of failure)
Confirm with . or Enter, or press ? or * to list all spells.
You miscast Scorch.
Nothing appears to happen.
* * * LOW HITPOINT WARNING * * *
The gnoll closely misses you.
Casting: Scorch (safe; 8% risk of failure)
Confirm with . or Enter, or press ? or * to list all spells.
You miscast Scorch.
Nothing appears to happen.
* * * LOW HITPOINT WARNING * * *
The gnoll hits you with a +0 whip!
You die...

#############
##....[#.....##
##.............##
#..............(#####
#...............##..
#...............##.#
................##.##
................@g).# #
.#...............##.##.#
###............####..g.#
...####..####.##....#†.....
....###..#....##.###..#####
.....##..#.#.....# .##
.....##....#.##### .#
.....#....##.##.. ##
....#.....#..#...


You could see a gnoll (combustible).

Vanquished Creatures
  A bombardier beetle (D:3)
  An orc priest (D:3)
  An orc wizard (D:3)
  3 gnolls (D:3)
  3 adders (D:3)
  2 ribbon worms (D:2)
  A dart slug (D:2)
  2 orcs (D:3)
  9 bats
  6 endoplasms
  6 giant cockroaches
  4 goblins
  A hobgoblin (D:1)
  3 jackals (D:2)
  9 kobolds
  2 quokkas (D:2)
  4 ball pythons
  2 frilled lizards
  A rat (D:1)
61 creatures vanquished.

Vanquished Creatures (others)
  213 foxfires
213 creatures vanquished.

Grand Total: 274 creatures vanquished

Notes
Turn   | Place    | Note
-------+----------+-------------------------------------------
     0 | D:1      | unlimited1921 the Djinni Fire Elementalist began the quest
                  | for the Orb.
     0 | D:1      | unlimited1921 set off with the following spells memorised:
                  | Foxfire, Scorch, Volatile Blastmotes, Inner Flame, Flame
                  | Wave.
     0 | D:1      | Reached XP level 1. HP: 15/15 MP: 0/0
    79 | D:1      | Found a faded altar of an unknown god.
   387 | D:1      | Reached XP level 2. HP: 15/21 MP: 0/0
  2116 | D:2      | Reached XP level 3. HP: 23/25 MP: 0/0
  2116 | D:2      | Learned a level 1 spell: Kiss of Death
  3158 | D:2      | Reached skill level 1 in Armour
  3386 | D:2      | Found a basalt altar of Yredelemnul.
  3720 | D:2      | Reached XP level 4. HP: 28/31 MP: 0/0
  4311 | D:3      | Found a runed translucent door.
  4858 | D:3      | Noticed flammie80's ghost (weakling FoMo)
  5183 | D:3      | Reached XP level 5. HP: 13/35 MP: 0/0
  5183 | D:3      | Learned a level 2 spell: Searing Ray
  6061 | D:3      | Found a glowing silver altar of Zin.
  6278 | D:3      | Reached XP level 6. HP: 35/40 MP: 0/0
  6291 | D:3      | Slain by a gnoll

Illustrated notes

Levels and vault maps discovered:
D:1:      dpeg_arrival_stonehenge_12_columns, layout_basic,
          shapermc_ecumenical_altar_rom_forum
D:2:      layout_rooms, basic_altar, st_stairs_3, grunt_ministairs_11,
          nicolae_kite_square_tiling_tiny, nicolae_figureground_pulse
D:3:      layout_rooms, mainiacjoe_overflow_alcove_2,
          mainiacjoe_overflow_alcove_4, hellmonk_ghost_happy_afterlife,
          kennysheep_nondescript

Skill      XL: |  1  2  3  4  5 |
---------------+----------------+-----
Stealth        | 2 |  2.8
Dodging        | 3 |  3.2
Armour         | 1 2 3 |  3.2
Fighting       | |  0.3
Spellcasting   | |  3.7
Conjurations   | |  3.7
Hexes          | |  3.7
Summonings     | |  3.7
Necromancy     | |  3.7
Translocations | |  3.7
Fire Magic     | |  3.7
Ice Magic      | |  3.7
Air Magic      | |  3.7
Earth Magic    | |  3.7
Alchemy        | |  3.7

Action                     |  1- 3 |  4- 6 || total
---------------------------+-------+-------++-------
  Melee: Dagger            |       |     3 ||     3
   Cast: Foxfire           |    72 |    51 ||   123
         Scorch            |    11 |    20 ||    31
 Armour: Leather armour    |    11 |    17 ||    28
         Robe              |     2 |       ||     2
  Dodge: Dodged            |    15 |    10 ||    25
